 Dungeon Crawl Stone Soup version 0.20-b1-2-gc5a9893 (webtiles) character file.

115 josao the Poker (level 4, -1/34 HPs)
             Began as a Demonspawn Gladiator on May 22, 2017.
             Succumbed to a goblin's poison
             ... on level 3 of the Dungeon.
             The game lasted 00:12:09 (1564 turns).

josao the Poker (Demonspawn Gladiator)              Turns: 1564, Time: 00:12:10

Health: -1/34      AC: 10    Str: 15    XL:     4   Next: 68%
Magic:  4/4        EV: 10    Int: 15    God:
Gold:   115        SH:  0    Dex: 19    Spells: 3/3 levels left

rFire    . . .     SeeInvis .   a - +0 trident
rCold    . . .     Gourm    .   (no shield)
rNeg     . . .     Faith    .   i - +0 plate armour
rPois    .         Spirit   .   (helmet restricted)
rElec    .         Reflect  .   (no cloak)
rCorr    .         Harm     .   (no gloves)
MR       .....                  (no boots)
Stlth    ..........             (no amulet)
Regen    0.2/turn               (no ring)
MPRegen  0.1/turn               (no ring)

@: brilliant, agile, lethally poisoned (-1 -> -28)
A: claws 1, horns 1
a: no special abilities


You were on level 3 of the Dungeon.
You were not hungry.

You visited 1 branch of the dungeon, and saw 3 of its levels.

You collected 115 gold pieces.

Inventory:

Hand Weapons
 a - a +0 trident (weapon)
 w - a +0 spear
 y - a cursed +0 hand axe
Missiles
 d - 3 throwing nets (quivered)
 j - 65 stones
Armour
 b - a +0 leather armour
 c - a +0 helmet
 i - a +0 plate armour (worn)
 m - a +0 robe
 q - a +0 ring mail
 t - a +0 ring mail
 u - a +0 leather armour
Scrolls
 e - 3 scrolls of identify
 n - 2 scrolls of remove curse
 o - 2 scrolls of immolation
 x - a scroll of magic mapping {unknown}
Potions
 h - 3 potions of cancellation {unknown}
 k - a potion of agility
 p - a potion of flight {unknown}
Books
 s - a book of Misfortune

   Spells                             Type                      Level
   a - Confusing Touch                Hexes                        1
   b - Confuse                        Hexes                        3
   c - Gell's Gravitas                Translocation                3
   d - Petrify                        Transmutation/Earth          4
   e - Metabolic Englaciation         Hexes/Ice                    5
   f - Yara's Violent Unravelling     Hexes/Transmutation          5
Comestibles
 f - 3 bread rations
 l - 3 meat rations {i}
 r - 4 fruits


   Skills:
 + Level 2.5 Fighting
 + Level 4.0 Polearms
 + Level 2.0 Throwing
 + Level 0.6 Armour
 + Level 3.2 Dodging


You had 3 spell levels left.
You didn't know any spells.

Dungeon Overview and Level Annotations

Branches:
Dungeon (3/15)

Altars:


Innate Abilities, Weirdness & Mutations

You have sharp fingernails.
You have a pair of small horns on your head.


Message History

You puncture the goblin!
You kill the goblin!
* * * LOW HITPOINT WARNING * * *
You feel very sick.
The frilled lizard bites you but does no damage.
There are no items here.
It was a potion of brilliance.
You feel clever all of a sudden.
* * * LOW HITPOINT WARNING * * *
You feel sick. The frilled lizard bites you.
* * * LOW HITPOINT WARNING * * *
Your plate armour prevents you from hitting the frilled lizard.
You headbutt the frilled lizard.
You kill the frilled lizard!
* * * LOW HITPOINT WARNING * * *
You feel very sick.
There are no items here.
It was a potion of agility.
You feel agile all of a sudden.
You die...

#.. .... ###
#### #. # #.
#. #. #.####
... #.#.. ...
#.#'######..
#..@).....#
#.........####
#............#
#
#.†..........#
#
#............#
#
#............#
#
#............#
## #
##########...#
..# #########
#...# #..#


There were no monsters in sight!

Vanquished Creatures
  Natasha (D:2)
  3 adders
  An ooze (D:3)
  2 worms
  A dart slug (D:1)
  A leopard gecko (D:2)
  An orc (D:3)
  A ball python (D:1)
  3 giant cockroaches
  4 goblins
  4 hobgoblins
  3 jackals (D:1)
  4 kobolds
  4 bats
  5 frilled lizards
  18 rats
56 creatures vanquished.

Notes
Turn   | Place    | Note
-------+----------+-------------------------------------------
     0 | D:1      | josao the Demonspawn Gladiator began the quest for the Orb.
     0 | D:1      | Reached XP level 1. HP: 16/16 MP: 1/1
    73 | D:1      | Gained mutation: You have a pair of small horns on your head. [demonic ancestry]
    73 | D:1      | Reached XP level 2. HP: 14/22 MP: 2/2
   149 | D:1      | Reached skill level 3 in Polearms
   595 | D:1      | Gained mutation: You have sharp fingernails. [demonic ancestry]
   595 | D:1      | Reached XP level 3. HP: 25/27 MP: 3/3
  1149 | D:2      | Noticed Natasha
  1157 | D:2      | Killed Natasha
  1157 | D:2      | Reached XP level 4. HP: 31/34 MP: 4/4
  1524 | D:3      | Reached skill level 4 in Polearms
  1563 | D:3      | HP: 1/34 [poisoned by a goblin]
  1564 | D:3      | Succumbed to a goblin's poison

Skill      XL: |  1  2  3  4 |
---------------+-------------+-----
Polearms       | 3 4 |  4.0
Throwing       | 2 |  2.0
Dodging        | 3 |  3.2
Fighting       | |  2.5
Armour         | |  0.6

Action                   |  1- 3 |  4- 6 || total
-------------------------+-------+-------++-------
Melee: Trident           |   116 |    47 ||   163
       Headbutt          |    13 |     6 ||    19
  Use: Scroll            |     9 |       ||     9
       Potion            |       |     4 ||     4
  Eat: Chunk             |     1 |     1 ||     2
Armor: Leather armour    |    33 |       ||    33
       Plate armour      |    31 |    43 ||    74
Dodge: Dodged            |    88 |    13 ||   101
